 Dungeon Crawl Stone Soup version 0.26.1-10-gdfb7c7de75 (webtiles) character file.

Game seed: 10889660047893060963

1442 infcreate the Covert (level 8, -3/45 HPs)
             Began as a Vampire Enchanter on Apr 4, 2021.
             Was a Follower of Dithmenos.
             Slain by an ogre
             ... wielding a +0 giant spiked club
              (25 damage)
             ... on level 5 of the Dungeon.
             The game lasted 00:24:19 (4364 turns).

infcreate the Covert (Vampire Enchanter)            Turns: 4364, Time: 00:24:20

Health: -3/45      AC:  4    Str:  7    XL:     8   Next: 46%
Magic:  0/13       EV: 15    Int: 17    God:    Dithmenos [*.....]
Gold:   204        SH:  0    Dex: 17    Spells: 8/14 levels left

rFire    . . .     SeeInvis +   k - +2 dagger (vamp)
rCold    + + .     Faith    .   (no shield)
rNeg     + + +     Spirit   .   a - +0 robe "Plog" {Regen+ Slay+2} (curse)
rPois    ∞         Reflect  .   (no helmet)
rElec    .         Harm     .   o - +0 cloak
rCorr    .         Rampage  .   p - +0 pair of gloves
Will     .....                  (no boots)
Stlth    +++++++...             (no amulet)
HPRegen  0.00/turn              (no ring)
MPRegen  0.13/turn              (no ring)

@: confusing touch, very slightly contaminated, bloodless, wreathed by umbra
A: fangs 3, see invisible, unbreathing
a: Bat Form, Revivify, Renounce Religion


You were on level 5 of the Dungeon.
You worshipped Dithmenos.
Dithmenos was aware of your devotion.
You visited 1 branch of the dungeon, and saw 5 of its levels.

You collected 204 gold pieces.


Innate Abilities, Weirdness & Mutations

You do not regenerate when monsters are visible.
You are frail without blood (-20% HP).
You can heal yourself when you bite living creatures.
You are immune to poison.
You have razor-sharp teeth.
You have supernaturally acute eyesight. (SInv)
You can survive without breathing.


   Skills:
 + Level 2.7 Fighting
 * Level 5.2 Short Blades
 * Level 5.4 Dodging
 * Level 8.4 Stealth
 + Level 3.5 Spellcasting
 * Level 8.1 Hexes


You had 8 spell levels left.
You knew the following spells:

 Your Spells              Type           Power        Failure   Level
c - Corona                Hex            33%          1%          1
e - Ensorcelled Hibernat  Hex/Ice        32%          4%          2
t - Confusing Touch       Hex            30%          1%          3

Your spell library contained the following spells:

 Spells                   Type           Power        Failure   Level
 Slow                     Hex            30%          1%          2
 Tukima's Dance           Hex            30%          1%          3
 Dazzling Flash           Conj/Hex       32%          10%         3
 Magic Dart               Conj           8%           17%         1
 Blink                    Tloc           N/A          26%         2
 Call Imp                 Summ           2%           26%         2
 Conjure Flame            Conj/Fire      2%           45%         3
 Mephitic Cloud           Conj/Pois/Air  2%           45%         3

Inventory:

Hand Weapons
 k - a +2 vampiric dagger (weapon)
Armour
 a - the cursed +0 robe "Plog" (worn) {Regen+ Slay+2}
   (You found it on level 5 of the Dungeon)

   It affects your accuracy and damage with ranged weapons and melee attacks
   (+2).
   It increases your rate of regeneration.
   It has a curse placed upon it.
 o - a +0 cloak (worn)
 p - a +0 pair of gloves (worn)
Jewellery
 f - an uncursed amulet of regeneration {unknown}
 w - a cursed ring of attention {unknown}
Wands
 x - a wand of paralysis (4)
Scrolls
 b - a scroll of noise {unknown}
 c - 2 scrolls of fog
 l - 3 scrolls of blinking
 n - a scroll of identify {@r1}
 q - 2 scrolls of immolation
 r - a scroll of magic mapping {unknown}
 t - 2 scrolls of teleportation {@r4}
 u - a scroll of fear
 v - a scroll of remove curse {unknown}
Potions
 d - a potion of invisibility {unknown}
 e - 2 potions of brilliance {unknown}
 g - 2 potions of lignification {unknown}
 h - 2 potions of haste {unknown}
 i - a potion of cancellation {unknown}
 j - a potion of curing {unknown}
 m - 2 potions of resistance {unknown}
 s - 2 potions of mutation {unknown}

Dungeon Overview and Level Annotations

Branches:
Dungeon (5/15)
 Temple: D:4-7

Altars:
Dithmenos
Wu Jian
The Shining One

#............ #
#............
.##............
.. .
............... .
.. #............
# #..
#............ #
#...#............
#..
..>.....O........
#.###
#####.†.@........
#...
......#.#########
#..# #######†#
#(.# #.# #..# #.#
#..# #.# ...# #.#
##.##### #.#
#.....# #.#


You could see an ogre.


Message History

Casting: Ensorcelled Hibernation (safe; 4% risk of failure)
Confirm with . or Enter, or press ? or * to list all spells.
Aiming: Ensorcelled Hibernation (safe; 4% risk of failure)
Press: ? - help, Shift-Dir - straight line, f/p - ogre
Aim: an ogre, wielding a +0 giant spiked club (chance to affect: 47%)
The ogre resists with some effort.
Casting: Ensorcelled Hibernation (safe; 4% risk of failure)
Confirm with . or Enter, or press ? or * to list all spells.
You miscast Confusing Touch.
Nothing appears to happen.
You hit the ogre.
The ogre is lightly wounded.
The ogre misses you.
You hit the ogre.
The ogre is moderately wounded.
You hit the ogre.
The ogre is heavily wounded.
The ogre barely misses you.
Casting: Confusing Touch (safe; 1% risk of failure)
Confirm with . or Enter, or press ? or * to list all spells.
Your hands begin to glow red.
The ogre hits you with a +0 giant spiked club!!
Ouch! That really hurt!
* * * LOW HITPOINT WARNING * * *
You hit the ogre but do no damage. You bite the ogre, but do no damage.
The ogre is heavily wounded.
You barely miss the ogre.
The ogre is heavily wounded.
The ogre hits you with a +0 giant spiked club!!
Ouch! That really hurt!
You die...

Skill      XL: |  1  2  3  4  5  6  7  8 |
---------------+-------------------------+-----
Short Blades   | 2 3 4 5 |  5.2
Hexes          | 5 6 7 8 |  8.1
Stealth        | 5 6 8 |  8.4
Dodging        | 3 4 5 |  5.4
Fighting       | 1 2 |  2.7
Spellcasting   | 3 |  3.5

Action                   |  1- 3 |  4- 6 |  7- 9 || total
-------------------------+-------+-------+-------++-------
Melee: Dagger            |    65 |    68 |    73 ||   206
       Bite              |     1 |     5 |     8 ||    14
 Cast: Corona            |     4 |       |     1 ||     5
       Ensorcelled Hiber |     5 |    13 |     7 ||    25
       Confusing Touch   |       |     3 |     8 ||    11
 Abil: Exsanguinate      |     1 |       |       ||     1
  Use: Scroll            |     5 |     3 |     2 ||    10
 Stab: Sleeping          |    28 |    32 |    10 ||    70
       Distracted        |       |     1 |     1 ||     2
       Confused          |       |     2 |     9 ||    11
Armor: Robe              |    14 |     9 |     4 ||    27
Dodge: Dodged            |    43 |    26 |    40 ||   109

Levels and vault maps discovered:
D:1:      eino_arrival_tree_alley, layout_loops_ring, kennysheep_doodads
D:2:      layout_basic, gammafunk_temple_overflow_wave, minmay_splitting_lines,
          serial_park_tiny_2
D:3:      kennysheep_slugbush, layout_basic, tso_oasis_becter
D:4:      layout_loops_ring, uniq_natasha
D:5:      layout_basic

Notes
Turn   | Place    | Note
-------+----------+-------------------------------------------
     0 | D:1      | infcreate the Vampire Enchanter began the quest for the
                  | Orb.
     0 | D:1      | Reached XP level 1. HP: 13/13 MP: 3/3
   214 | D:1      | Reached XP level 2. HP: 10/15 MP: 3/5
   465 | D:1      | Learned a level 2 spell: Ensorcelled Hibernation
   763 | D:1      | Reached XP level 3. HP: 16/20 MP: 4/6
   795 | D:1      | Learned a level 3 spell: Confusing Touch
   996 | D:2      | Found a shadowy altar of Dithmenos.
   996 | D:2      | Found an ornate altar of the Wu Jian Council.
  1000 | D:2      | Became a worshipper of Dithmenos the Shadowed
  1485 | D:2      | Reached skill level 2 in Short Blades
  1683 | D:2      | Reached skill level 5 in Hexes
  1841 | D:2      | Reached skill level 5 in Stealth
  1970 | D:3      | Reached XP level 4. HP: 24/24 MP: 7/7
  2042 | D:3      | Reached skill level 3 in Dodging
  2104 | D:3      | Reached skill level 1 in Fighting
  2355 | D:3      | Found a glowing golden altar of the Shining One.
  2674 | D:3      | Reached XP level 5. HP: 29/29 MP: 5/8
  2905 | D:3      | Reached skill level 3 in Short Blades
  3112 | D:4      | Noticed a phantom
  3125 | D:4      | Killed a phantom
  3126 | D:4      | Reached skill level 6 in Stealth
  3126 | D:4      | Reached skill level 6 in Hexes
  3126 | D:4      | Reached XP level 6. HP: 34/34 MP: 5/9
  3292 | D:4      | Reached skill level 4 in Dodging
  3365 | D:4      | Reached * piety under Dithmenos
  3525 | D:4      | Noticed Natasha
  3542 | D:4      | Killed Natasha
  3543 | D:4      | Reached XP level 7. HP: 39/39 MP: 11/11
  3689 | D:5      | Entered Level 5 of the Dungeon
  3752 | D:5      | Reached skill level 2 in Fighting
  3948 | D:5      | Got an ancient robe
  3949 | D:5      | Identified the cursed +0 robe "Plog" {Regen+ Slay+2} (You
                  | found it on level 5 of the Dungeon)
  4005 | D:5      | Reached skill level 4 in Short Blades
  4005 | D:5      | Reached skill level 7 in Stealth
  4005 | D:5      | Reached skill level 3 in Spellcasting
  4122 | D:5      | Reached skill level 7 in Hexes
  4163 | D:5      | Noticed an unseen horror
  4179 | D:5      | Killed an unseen horror
  4180 | D:5      | Reached skill level 5 in Dodging
  4180 | D:5      | Reached skill level 8 in Stealth
  4180 | D:5      | Reached XP level 8. HP: 33/45 MP: 6/13
  4246 | D:5      | Reached skill level 5 in Short Blades
  4251 | D:5      | Reached skill level 8 in Hexes
  4364 | D:5      | Slain by an ogre

Vanquished Creatures
  An unseen horror (D:5)
  A hornet zombie (D:5)
  A black bear (D:5)
  A phantom (D:4)
  An ogre (D:4)
  A bullfrog (D:5)
  A hound (D:3)
  3 orc priests
  Natasha (D:4)
  2 iguanas
  3 worker ants
  4 gnolls
  7 adders
  A shadow imp (D:5)
  A white imp (D:5)
  An ufetubus (D:5)
  An adder skeleton (D:4)
  3 worms
  12 dart slugs
  5 leopard geckos
  7 orcs
  2 giant cockroaches
  3 hobgoblins
  2 jackals (D:4)
  8 kobolds
  2 quokkas
  A ball python (D:1)
  11 bats
  2 frilled lizards
  8 goblins
  A jackal skeleton (D:5)
  6 rats (D:1)
104 creatures vanquished.

Vanquished Creatures (others)
  A plant (D:3)
1 creature vanquished.

Grand Total: 105 creatures vanquished

Table legend: (Time is in decaauts)
 A = Elapsed time spent in this place.
 B = Non-inter-level travel time spent in this place.
 C = Inter-level travel time spent in this place.
 D = Time resting spent in this place.
 E = Time spent auto-exploring this place.
 F = Levels seen in this place.
 G = Mean time per level.
                   A        B        C        D        E       F      G
               +--------+--------+--------+--------+--------+-----+--------+
         Total |   4340 |   3630 |    710 |    709 |      0 |   5 |  868.0 |
       Dungeon |   4340 |   3630 |    710 |    709 |      0 |   5 |  868.0 |
               +--------+--------+--------+--------+--------+-----+--------+

Top non-repeatable levels by time:
     D:2: 1010 daAuts
     D:3: 964 daAuts
     D:1: 943 daAuts
     D:4: 773 daAuts
     D:5: 647 daAuts

Table legend:
 A = Non-vault XP
 B = Vault XP
 C = Vault XP percentage of total XP
 D = Non-vault monster count
 E = Vault monster count
 F = Vault count percentage of total count
                 A         B        C        D         E       F
            +---------+---------+-------+---------+---------+-------
      Total |    1992 |      68 |   3.3 |      95 |       9 |   8.7
            +---------+---------+-------+---------+---------+-------
        D:1 |      42 |       0 |   0.0 |      26 |       0 |   0.0
        D:2 |      53 |       0 |   0.0 |      14 |       0 |   0.0
        D:3 |     211 |      32 |  13.2 |      19 |       8 |  29.6
        D:4 |     398 |      36 |   8.3 |      15 |       1 |   6.2
        D:5 |    1288 |       0 |   0.0 |      21 |       0 |   0.0
            +---------+---------+-------+---------+---------+-------
